 Dungeon Crawl Stone Soup version 0.30-a0-161-gdd60e06945 (webtiles) character file.

Game seed: 9412157951412269077

116 qw the Chopper (level 5, 0/32 HPs)
             Began as a Gargoyle Fighter on Sept 27, 2022.
             Slain by Blork the orc
             ... wielding a +0 glaive
              (5 damage)
             ... on level 4 of the Dungeon.
             The game lasted 00:01:00 (2579 turns).

qw the Chopper (Gargoyle Fighter)                   Turns: 2579, Time: 00:01:01

Health: 0/32       AC: 13    Str: 22    XL:     5   Next: 0%
Magic:  0/5        EV:  9    Int:  8    God:
Gold:   112        SH:  4    Dex:  9    Spells: 4/4 levels left

rFire   . . .      SeeInvis .    Y - +1 war axe
rCold   . . .      Faith    .    c - +0 buckler
rNeg    + . .      Spirit   +    b - +0 scale mail
rPois   inf        Reflect  .    (no helmet)
rElec   +          Harm     .    r - +0 cloak
rCorr   .          Rampage  .    f - +0 pair of gloves
Will    .....                    (no boots)
Stlth   ..........               p - amulet of guardian spirit
HPRegen 0.10/turn                (no ring)
MPRegen 0.09/turn                (no ring)

@: no status effects
A: sickness immunity, AC +4, negative energy resistance 1, electricity
resistance, torment resistance 1, petrification resistance
a: no special abilities


You were on level 4 of the Dungeon.
You visited 1 branch of the dungeon, and saw 4 of its levels.

You collected 167 gold pieces.
You spent 55 gold pieces at shops.


Innate Abilities, Weirdness & Mutations

You are immune to sickness and miasma.
Your stone body is resilient. (AC +4)
You are immune to poison.
You resist negative energy. (rN+)
You are resistant to electric shocks. (rElec)
You are resistant to unholy torment.
You are immune to petrification.


   Skills:
 - Level 3.2 Fighting
 + Level 4.5 Axes
 - Level 3.2 Armour
 - Level 3.2 Shields


You had 4 spell levels left.
You didn't know any spells.
Your spell library was empty.

Inventory:

Hand Weapons
 j - a +0 flail
 Y - a +1 war axe (weapon)
Missiles
 l - a boomerang (quivered)
Armour
 b - a +0 scale mail (worn)
 c - a +0 buckler (worn)
 f - a +0 pair of gloves (worn)
 r - a +0 cloak (worn)
Jewellery
 p - an amulet of guardian spirit (around neck)
Scrolls
 i - a scroll of identify
Potions
 a - a potion of attraction
 d - 2 potions of might
 g - 3 potions of curing
 h - a potion of magic {unknown}
 k - a potion of cancellation {unknown}
 n - a potion of lignification {unknown}
 q - a potion of resistance

Dungeon Overview and Level Annotations

Branches:
Dungeon (4/15)
 Temple: D:4-7

Altars:
Ru

Shops:
D:2 *

Annotations:
D:1 1 runed translucent door
D:4 Blork the orc


Message History

Blork the orc casts a spell.
Blork the orc seems to speed up.
The endoplasm freezes you.
You are frozen.
You resist.
You slash the endoplasm!
You kill the endoplasm!
You barely miss Blork the orc. You block Blork the orc's attack.
You feel less attractive to monsters.
You have reached level 5!
You hit Blork the orc.
Blork the orc is lightly wounded.
You block Blork the orc's attack.
Blork the orc hits you but does no damage.
You hit Blork the orc.
Blork the orc is lightly wounded.
You start to feel less resistant.
Blork the orc hits you but does no damage.
Blork the orc hits you with a +0 glaive.
You hit Blork the orc.
Blork the orc is moderately wounded.
Blork the orc hits you with a +0 glaive!
You block Blork the orc's attack.
You hit Blork the orc.
Blork the orc is moderately wounded.
You block Blork the orc's attack.
Blork the orc looks encouraged for a moment.
You hit Blork the orc but do no damage.
Blork the orc is moderately wounded.
Blork the orc barely misses you. Blork the orc misses you.
You closely miss Blork the orc.
Blork the orc is moderately wounded.
Your resistance to elements expires.
Blork the orc points at you and mumbles some strange words.
The magic dart hits you!
Blork the orc hits you but does no damage.
You closely miss Blork the orc.
Blork the orc is moderately wounded.
Blork the orc hits you but does no damage.
Blork the orc hits you with a +0 glaive.
You die...

#.. #.# .. #.# #.#
...... #.# #.## ......
#<###..###......
#######.##............
...........#..#.......
#######.#####.#.......
#.# #.#....... #.#
#.@o...... #.#
#..#####.. ... #..#
... ...# ... .##.. ..
.... .. .... ... #....


You could see Blork the orc (fast).

Vanquished Creatures
  Jessica (D:2)
  An adder (D:4)
  2 worms (D:2)
  A dart slug (D:1)
  6 orcs (D:3)
  7 bats
  4 endoplasms
  3 giant cockroaches
  3 goblins
  5 hobgoblins
  8 jackals (D:1)
  2 quokkas (D:2)
  2 ball pythons
  4 frilled lizards
  8 kobolds
  5 rats
62 creatures vanquished.

Notes
Turn   | Place    | Note
-------+----------+-------------------------------------------
     0 | D:1      | qw the Gargoyle Fighter began the quest for the Orb.
     0 | D:1      | Reached XP level 1. HP: 14/14 MP: 1/1
     0 | D:1      | 0 ||| qw: Version: 0.2-a-10-g37ed214
     0 | D:1      | 0 ||| qw: Game counter: 635
     0 | D:1      | 0 ||| qw: Always use a shield: true
     0 | D:1      | 0 ||| qw: God list: Okawaru
     0 | D:1      | 0 ||| qw: Allow faded altars: false
     0 | D:1      | 0 ||| qw: Do Orc after D:15 true
     0 | D:1      | 0 ||| qw: Do second Lair branch before Depths: true
     0 | D:1      | 0 ||| qw: Lair rune preference: random
     0 | D:1      | 0 ||| qw: Plans: Normal, Zot:1-4, God:TSO, Crypt, Tomb,
                  | Pan, Slime:5, Hells, Abyss, Orb
     0 | D:1      | 0 ||| PLANNING D:1-11
     1 | D:1      | Found a runed translucent door.
    44 | D:1      | Reached skill level 2 in Axes
   103 | D:1      | 103 ||| Stepping ~*~*~tactically~*~*~ (stealth).
   117 | D:1      | Reached XP level 2. HP: 15/19 MP: 2/2
   186 | D:1      | 186 ||| Stepping ~*~*~tactically~*~*~ (stealth).
   338 | D:1      | Reached skill level 3 in Axes
   369 | D:1      | Reached XP level 3. HP: 23/23 MP: 3/3
   643 | D:1      | 643 ||| Stepping ~*~*~tactically~*~*~ (stealth).
   644 | D:1      | 644 ||| Stepping ~*~*~tactically~*~*~ (stealth).
   645 | D:1      | 645 ||| Stepping ~*~*~tactically~*~*~ (stealth).
  1170 | D:1      | 1170 ||| DROPPING scarf of shadows.
  1171 | D:1      | 1171 ||| READING scroll labelled VAESTR SIDIABB.
  1321 | D:2      | Found Ixtonama's General Store.
  1330 | D:2      | 1330 ||| SHOPLISTING potion of cancellation (88 gold, have
                  | 87).
  1330 | D:2      | 1330 ||| BUYING potion of curing (33 gold).
  1330 | D:2      | Bought a potion of curing for 33 gold pieces
  1330 | D:2      | 1330 ||| SHOPLISTING potion of heal wounds (55 gold, have
                  | 54).
  1330 | D:2      | 1330 ||| BUYING scroll of identify (22 gold).
  1330 | D:2      | Bought a scroll of identify for 22 gold pieces
  1670 | D:2      | Noticed Jessica
  1671 | D:2      | 1671 ||| Stepping ~*~*~tactically~*~*~ (stealth).
  1673 | D:2      | 1673 ||| Stepping ~*~*~tactically~*~*~ (hiding).
  1678 | D:2      | Killed Jessica
  1679 | D:2      | Reached skill level 4 in Axes
  1679 | D:2      | Reached XP level 4. HP: 27/28 MP: 4/4
  1964 | D:2      | 1964 ||| UPGRADING to +0 pair of gloves.
  1969 | D:2      | 1969 ||| READING scroll labelled QOZIEC QEJ.
  2029 | D:3      | Found a faded altar of an unknown god.
  2165 | D:3      | 2165 ||| DROPPING +0 whip.
  2430 | D:3      | Found a sacrificial altar of Ru.
  2523 | D:3      | 2523 ||| UPGRADING to +0 cloak.
  2528 | D:3      | 2528 ||| UPGRADING to amulet of guardian spirit.
  2533 | D:3      | 2533 ||| READING scroll labelled GEUMYA JUDEJAORE.
  2534 | D:3      | 2534 ||| READING scroll labelled QYLOAPNUTUE.
  2535 | D:3      | 2535 ||| READING scroll labelled SIJUIH QEKOMI.
  2536 | D:3      | 2536 ||| DRINKING 2 black potions.
  2537 | D:3      | 2537 ||| DRINKING 2 murky puce potions.
  2558 | D:4      | 2558 ||| Stepping ~*~*~tactically~*~*~ (stealth).
  2567 | D:4      | Noticed Blork the orc
  2573 | D:4      | Reached XP level 5. HP: 27/32 MP: 5/5
  2578 | D:4      | HP: 5/32 [Blork the orc/magic dart (9)]
  2579 | D:4      | Slain by Blork the orc

Levels and vault maps discovered:
D:1:      dpeg_arrival_caged_fury, layout_loops_ring
D:2:      layout_basic, serial_shops, shop, serial_bayou_lagoon_a, uniq_jessica
D:3:      layout_rooms, lemuel_round_altar, ebering_ecumenical_altar_ruins
D:4:      layout_rooms, eino_tiny_chamber, minmay_hollow_rounded_squares,
          uniq_duvessa, uniq_blork_the_orc

Skill      XL: |  1  2  3 |
---------------+----------+-----
Axes           | 2 3 4 |  4.5
Fighting       | |  3.2
Armour         | |  3.2
Shields        | |  3.2

Action                   |  1- 3 |  4- 6 || total
-------------------------+-------+-------++-------
Melee: War axe           |   123 |    64 ||   187
Throw: Boomerang         |       |    13 ||    13
  Use: Scroll            |     1 |     4 ||     5
       Potion            |       |     2 ||     2
Armor: Scale mail        |    52 |    21 ||    73
Dodge: Dodged            |    64 |    28 ||    92
Block: Buckler           |    22 |    12 ||    34

Table legend:
 A = Non-vault XP
 B = Vault XP
 C = Vault XP percentage of total XP
 D = Non-vault monster count
 E = Vault monster count
 F = Vault count percentage of total count
                 A         B        C        D         E       F
            +---------+---------+-------+---------+---------+-------
      Total |     129 |      37 |  22.3 |      61 |       1 |   1.6
            +---------+---------+-------+---------+---------+-------
        D:1 |      59 |       0 |   0.0 |      34 |       0 |   0.0
        D:2 |      23 |      37 |  61.7 |       9 |       1 |  10.0
        D:3 |      31 |       0 |   0.0 |      16 |       0 |   0.0
        D:4 |      16 |       0 |   0.0 |       2 |       0 |   0.0
            +---------+---------+-------+---------+---------+-------
